 Dungeon Crawl Stone Soup version 0.26.0-3-g156281e41b (webtiles) character file.

Game seed: 11149299950212329623

1315 Destapler the Sneak (level 8, -5/61 HPs)
             Began as a Gnoll Wanderer on Jan 9, 2021.
             Was an Initiate of Ru.
             Slain by a gnoll
             ... wielding a +0 halberd
              (10 damage)
             ... on level 6 of the Dungeon.
             The game lasted 00:12:01 (7036 turns).

Destapler the Sneak (Gnoll Wanderer)                Turns: 7036, Time: 00:12:02

Health: -5/61      AC:  7    Str: 18    XL:     8   Next: 58%
Magic:  13/13      EV: 14    Int: 15    God:    Ru [......]
Gold:   235        SH:  0    Dex: 17    Spells: 13/13 levels left

rFire    . . .     SeeInvis .   a - +3 dagger "Noetiq" {flame, rPois rC+ Will+}
rCold    + . .     Faith    .   (no shield)
rNeg     . . .     Spirit   .   m - +0 ring mail {rPois}
rPois    +         Reflect  .   (helmet restricted)
rElec    .         Harm     .   (no cloak)
rCorr    .         Rampage  .   (no gloves)
Will     +....                  o - +0 pair of boots
Stlth    +++.......             k - amulet of magic regeneration
HPRegen  0.20/turn              (no ring)
MPRegen  0.38/turn              (no ring)

@: mighty
A: distributed training, antennae 1, fangs 1, clever 1, strong 1, strong nose
a: Renounce Religion


You were on level 6 of the Dungeon.
You worshipped Ru.
Ru was noncommittal.
You visited 2 branches of the dungeon, and saw 7 of its levels.

You collected 300 gold pieces.
You spent 65 gold pieces at shops.

Inventory:

Hand Weapons
 a - the +3 dagger "Noetiq" (weapon) {flame, rPois rC+ Will+}
   (You found it on level 4 of the Dungeon)

   It has been specially enchanted to burn those struck by it, causing extra
   injury to most foes and up to half again as much damage against particularly
   susceptible opponents.
   It protects you from cold.
   It protects you from poison.
   It affects your willpower, your defense against some magical effects.
 y - a +4 dagger
 A - a +0 hand axe
Missiles
 l - 173 stones (quivered)
 r - 18 poisoned darts
 u - 8 boomerangs
 w - a throwing net
Armour
 m - a +0 ring mail of poison resistance (worn)
 o - a +0 pair of boots (worn)
Jewellery
 k - an amulet of magic regeneration (around neck)
Scrolls
 c - 7 scrolls of teleportation
 d - a scroll of amnesia
 e - 2 scrolls of fear
 g - 2 scrolls of fog {unknown}
 i - a scroll of enchant weapon {unknown}
 j - 3 scrolls of identify
 q - 2 scrolls of random uselessness {unknown}
 t - 2 scrolls of magic mapping {unknown}
 v - 2 scrolls of remove curse
 C - a scroll of brand weapon {unknown}
Potions
 b - a potion of cancellation
 f - 3 potions of curing
 h - a potion of haste
 n - a potion of attraction
 D - a potion of flight


   Skills:
 + Level 4.3 Fighting
 + Level 3.4 Short Blades
 + Level 3.4 Long Blades
 + Level 3.4 Axes
 + Level 3.4 Maces & Flails
 + Level 3.4 Polearms
 + Level 3.4 Staves
 + Level 3.4 Slings
 + Level 4.3 Bows
 + Level 3.4 Crossbows
 + Level 3.4 Throwing
 + Level 4.3 Armour
 + Level 5.7 Dodging
 + Level 6.9 Stealth
 + Level 3.4 Shields
 + Level 5.7 Unarmed Combat
 + Level 3.4 Spellcasting
 + Level 2.7 Conjurations
 + Level 2.7 Hexes
 + Level 2.7 Summonings
 + Level 2.7 Necromancy
 + Level 2.7 Translocations
 + Level 2.7 Transmutations
 + Level 2.7 Fire Magic
 + Level 2.7 Ice Magic
 + Level 2.7 Air Magic
 + Level 2.7 Earth Magic
 + Level 2.7 Poison Magic
 + Level 3.7 Invocations
 + Level 3.4 Evocations


You had 13 spell levels left.
You didn't know any spells.
Your spell library contained the following spells:

 Spells                   Type           Power        Failure   Level
 Beastly Appendage        Tmut           20%          11%         1
 Wereblood                Tmut           10%          16%         2
 Spider Form              Tmut/Pois      5%           30%         3
 Ice Form                 Ice/Tmut       10%          71%         4
 Blade Hands              Tmut           5%           96%         5


Dungeon Overview and Level Annotations

Branches:
Dungeon (6/15)             Temple (1/1) D:5

Altars:
Ashenzari
Cheibriados
Dithmenos
Elyvilon
Fedhas
Gozag
Hepliaklqana
Makhleb
Nemelex Xobeh
Okawaru
Qazlal
Ru
Sif Muna
Uskayaw
Vehumet
Wu Jian
Xom
Yredelemnul
The Shining One

Shops:
D:4 ?


Innate Abilities, Weirdness & Mutations

Your experience applies equally to all skills.
You have very sharp teeth.
Your uncanny sense of smell can sniff out nearby items.
You have a pair of small antennae on your head.
Your mind is acute. (Int +2)
Your muscles are strong. (Str +2)


Message History

You feel better. The gnoll closely misses you. The gnoll barely misses you.
The ogre closely misses you.
You barely miss the gnoll.
The gnoll is almost dead.
The gnoll misses you. The gnoll hits you but does no damage.
The gnoll barely misses you.
You puncture the gnoll! You burn the gnoll.
You kill the gnoll!
The gnoll is no longer moving quickly.
The ogre completely misses you. The gnoll barely misses you.
You barely miss the ogre. The gnoll misses you.
The ogre hits you with a cursed -3 giant club!
* * * LOW HITPOINT WARNING * * *
The gnoll hits you from afar with a +2 halberd of flaming!
* * * LOW HITPOINT WARNING * * *
The gnoll burns you.
* * * LOW HITPOINT WARNING * * *
The gnoll misses you. x2
The gnoll hits you from afar with a +0 halberd!
You die...

###+# #....# #
..#############''''############ #
g.#............................
#####≈≈≈≈≈≈≈≈≈≈≈≈....≈≈≈≈≈≈≈≈≈≈≈≈
≈≈≈≈≈≈≈≈≈≈≈≈≈≈≈≈≈(..)≈≈≈≈≈≈≈≈≈≈≈≈
≈≈≈≈≈≈≈≈≈≈≈≈≈≈≈≈≈....≈≈≈≈≈≈≈≈≈≈≈≈
...............gggg.†)...........
#.####.......###g#g#########.####
#.#..........# #@O.# #.#
#.#)##.......###.### #.#
#..)).)....####...## #.#
###.####...###.....# #.#
#.######...##...## #.#
#........#......##########.#
########...###.............#
##### #.############# #.#


You could see an ogre and 5 gnolls.

Vanquished Creatures
  A sky beast (D:5)
  An ogre (D:4)
  A centaur (D:5)
  A big kobold (D:3)
  4 scorpions
  2 howler monkeys (D:4)
  A bullfrog zombie (D:6)
  A hound (D:5)
  A jelly (D:5)
  4 orc priests (D:6)
  2 orc wizards
  A gnoll shaman (D:6)
  5 worker ants
  12 gnolls
  6 adders
  2 shadow imps (D:6)
  A white imp (D:5)
  2 dart slugs
  3 leopard geckos
  11 orcs
  5 bats
  5 giant cockroaches
  4 goblins
  7 hobgoblins
  21 jackals
  A quokka (D:5)
  4 ball pythons
  6 frilled lizards
  8 kobolds
  7 rats
130 creatures vanquished.

Notes
Turn   | Place    | Note
-------+----------+-------------------------------------------
     0 | D:1      | Destapler the Gnoll Wanderer began the quest for the Orb.
     0 | D:1      | Destapler set off with the following items: a +0 dagger, a
                  | potion of lignification, a scroll of teleportation, a +0
                  | robe, 2 scrolls of fear
     0 | D:1      | Reached XP level 1. HP: 17/17 MP: 1/1
   412 | D:1      | Reached XP level 2. HP: 14/23 MP: 2/2
  1271 | D:2      | Found a sparkling altar of Nemelex Xobeh.
  1273 | D:2      | Found a stormy altar of Qazlal.
  1568 | D:3      | Reached XP level 3. HP: 25/28 MP: 3/3
  1621 | D:3      | Reached skill level 6 in Stealth
  1657 | D:3      | Reached skill level 1 in Invocations
  1731 | D:3      | Reached skill level 1 in Short Blades
  1731 | D:3      | Reached skill level 1 in Long Blades
  1731 | D:3      | Reached skill level 1 in Axes
  1731 | D:3      | Reached skill level 1 in Maces & Flails
  1731 | D:3      | Reached skill level 1 in Polearms
  1731 | D:3      | Reached skill level 1 in Staves
  1731 | D:3      | Reached skill level 1 in Slings
  1731 | D:3      | Reached skill level 1 in Crossbows
  1731 | D:3      | Reached skill level 1 in Throwing
  1731 | D:3      | Reached skill level 1 in Shields
  1731 | D:3      | Reached skill level 1 in Spellcasting
  1731 | D:3      | Reached skill level 1 in Evocations
  1761 | D:3      | Reached XP level 4. HP: 14/34 MP: 5/5
  2304 | D:3      | Noticed a big kobold
  2320 | D:3      | Killed a big kobold
  2321 | D:3      | Reached skill level 1 in Conjurations
  2321 | D:3      | Reached skill level 1 in Hexes
  2321 | D:3      | Reached skill level 1 in Summonings
  2321 | D:3      | Reached skill level 1 in Necromancy
  2321 | D:3      | Reached skill level 1 in Translocations
  2321 | D:3      | Reached skill level 1 in Transmutations
  2321 | D:3      | Reached skill level 1 in Fire Magic
  2321 | D:3      | Reached skill level 1 in Ice Magic
  2321 | D:3      | Reached skill level 1 in Air Magic
  2321 | D:3      | Reached skill level 1 in Earth Magic
  2321 | D:3      | Reached skill level 1 in Poison Magic
  2321 | D:3      | Reached XP level 5. HP: 32/40 MP: 5/7
  2969 | D:2      | Reached XP level 6. HP: 46/47 MP: 8/8
  3631 | D:4      | Found Zeom's Magic Scroll Boutique.
  3639 | D:4      | Reached skill level 5 in Dodging
  3639 | D:4      | Reached skill level 5 in Unarmed Combat
  3799 | D:4      | Bought a scroll of identify for 26 gold pieces
  3799 | D:4      | Bought a scroll of remove curse for 39 gold pieces
  4235 | D:4      | Reached XP level 7. HP: 48/52 MP: 10/10
  4669 | D:4      | Found an opulent altar of Gozag.
  4671 | D:4      | Found a basalt altar of Yredelemnul.
  4671 | D:4      | Found a stormy altar of Qazlal.
  4673 | D:4      | Found a hazy altar of Hepliaklqana.
  4673 | D:4      | Found a shimmering altar of Xom.
  4673 | D:4      | Found a stormy altar of Qazlal.
  4700 | D:4      | Got an iridescent dagger
  4701 | D:4      | Identified the +3 dagger "Noetiq" {flame, rPois rC+ Will+}
                  | (You found it on level 4 of the Dungeon)
  4946 | D:5      | Entered Level 5 of the Dungeon
  5219 | D:5      | You fall into a shaft and drop 1 floor!
  5425 | D:5      | Reached XP level 8. HP: 46/60 MP: 12/12
  5795 | D:5      | Found a broken altar of Ashenzari.
  5901 | D:5      | Gained mutation: Your mind is acute. (Int +2) [potion of
                  | mutation]
  5901 | D:5      | Gained mutation: You have a pair of small antennae on your
                  | head. [potion of mutation]
  5901 | D:5      | Gained mutation: Your muscles are strong. (Str +2) [potion
                  | of mutation]
  5919 | D:5      | Found a staircase to the Ecumenical Temple.
  5924 | Temple   | Entered the Ecumenical Temple
  6037 | Temple   | Became a worshipper of Ru the Awakened
  7036 | D:6      | Slain by a gnoll

Illustrated notes

Levels and vault maps discovered:
D:1:      elethiomel_arrival_infinity_welcomes_careful_drivers, layout_basic
D:2:      layout_basic, chequers_temple_overflow_statue_of_worship
D:3:      layout_basic
D:4:      layout_loops_ring, serial_shops, shop, doesnt_xom_only_xom
D:5:      layout_loops_cross, minmay_temple_entry_glassed_door, minmay_holes,
          kennysheep_flooded_box
D:6:      lemuel_castle_with_subvaults [lemuel_castle_interior_carwin_2],
          layout_loops_corners, kennysheep_little_box, marbit_many_paths,
          gammafunk_ghost_grave, grunt_tough_drop
Temple:   minmay_crystal_spiral_temple

Skill      XL: |  1  2  3  4  5  6  7  8 |
---------------+-------------------------+-----
Stealth        | 6 |  6.9
Invocations    | 1 2 3 |  3.7
Short Blades   | 1 2 3 |  3.4
Long Blades    | 1 2 3 |  3.4
Axes           | 1 2 3 |  3.4
Maces & Flails | 1 2 3 |  3.4
Polearms       | 1 2 3 |  3.4
Staves         | 1 2 3 |  3.4
Slings         | 1 2 3 |  3.4
Crossbows      | 1 2 3 |  3.4
Throwing       | 1 2 3 |  3.4
Shields        | 1 2 3 |  3.4
Spellcasting   | 1 2 3 |  3.4
Evocations     | 1 2 3 |  3.4
Conjurations   | 1 2 |  2.7
Hexes          | 1 2 |  2.7
Summonings     | 1 2 |  2.7
Necromancy     | 1 2 |  2.7
Translocations | 1 2 |  2.7
Transmutations | 1 2 |  2.7
Fire Magic     | 1 2 |  2.7
Ice Magic      | 1 2 |  2.7
Air Magic      | 1 2 |  2.7
Earth Magic    | 1 2 |  2.7
Poison Magic   | 1 2 |  2.7
Fighting       | 3 4 |  4.3
Bows           | 3 4 |  4.3
Armour         | 3 4 |  4.3
Dodging        | 5 |  5.7
Unarmed Combat | 5 |  5.7

Action                   |  1- 3 |  4- 6 |  7- 9 || total
-------------------------+-------+-------+-------++-------
Melee: Dagger            |   100 |   187 |   242 ||   529
       Bite              |     8 |    15 |    28 ||    51
       Punch             |     2 |     4 |    11 ||    17
       Unarmed           |       |       |     8 ||     8
Throw: Stone             |     3 |       |     2 ||     5
  Use: Potion            |     1 |     2 |    12 ||    15
       Scroll            |       |       |    10 ||    10
 Stab: Sleeping          |     5 |     5 |     4 ||    14
       Distracted        |       |       |     1 ||     1
Armor: Robe              |     2 |       |       ||     2
       Ring mail         |    20 |    64 |    72 ||   156
       Skin              |     5 |       |       ||     5
Dodge: Dodged            |    55 |   138 |   192 ||   385
